 Dungeon Crawl Stone Soup version 0.17-a0-701-gb6462b4 (webtiles) character file.

21 Trafet the Magician (level 2, 0/20 HPs)
             Began as a Demigod Wizard on Apr 19, 2015.
             Slain by a hobgoblin (1 damage)
             ... on level 1 of the Dungeon.
             The game lasted 00:02:33 (1250 turns).

Trafet the Magician (Demigod Wizard)                Turns: 1250, Time: 00:02:34

Health: 0/20       AC:  2    Str: 10    XL:     2   Next: 48%
Magic:  8/8        EV: 12    Int: 22    God:
Gold:   47         SH:  0    Dex: 14    Spells: 2 memorised, 3 levels left

rFire  . . .     SeeInvis .     j - +3 dagger
rCold  . . .     Clarity  .     a - +0 robe
rNeg   . . .     SustAb   +     (no shield)
rPois  .         Gourm    .     b - +0 hat
rElec  .         Spirit   .     (no cloak)
rCorr  .         Warding  .     (no gloves)
rMut   .         Stasis   .     (no boots)
MR     .....                    (no amulet)
Stlth  ++........               (no ring)
                                (no ring)

@: not resistant to hostile enchantments, unstealthy
A: high mp 1, sustain abilities
a: no special abilities


You were on level 1 of the Dungeon.
You were not hungry.

You visited 1 branch of the dungeon, and saw 2 of its levels.

You collected 47 gold pieces.

Inventory:

Hand weapons
 f - a +0 mace
 j - a +3 dagger (weapon)
Missiles
 g - 24 stones (quivered)
 i - 3 curare-tipped needles
 q - 3 tomahawks
 s - 17 sling bullets
Armour
 a - a +0 robe (worn)
 b - a +0 hat (worn)
Jewellery
 l - an uncursed amulet of the gourmand {unknown}
Scrolls
 n - a scroll of identify {unknown}
Potions
 e - 2 potions of lignification {unknown}
 k - 3 potions of curing {unknown}
 m - 2 potions of ambrosia {unknown}
 o - a potion of heal wounds {unknown}
 r - a potion of cancellation {unknown}
Books
 c - a book of Minor Magic

   Spells                             Type                      Level
   a - Magic Dart                     Conjuration                  1
   b - Blink                          Translocation                2
   c - Call Imp                       Summoning                    2
   d - Repel Missiles                 Charms/Air                   2
   e - Slow                           Hexes                        2
   f - Conjure Flame                  Conjuration/Fire             3
   g - Mephitic Cloud                 Conjuration/Poison/Air       3
Comestibles
 d - a bread ration
 h - 2 meat rations
 p - a beef jerky
 t - a chunk of flesh


   Skills:
 - Level 1.7 Dodging
 - Level 1.7 Stealth
 - Level 2.6 Spellcasting
 + Level 2.4 Conjurations
   Level 0.8 Summonings
 - Level 0.8 Translocations


You had 3 spell levels left.
You knew the following spells:

 Your Spells              Type           Power        Failure   Level  Hunger
a - Magic Dart            Conj           ##..         6%          1    None
b - Blink                 Tloc           N/A          14%         2    ##.....


Dungeon Overview and Level Annotations

Branches:
Dungeon (2/15)

Annotations:
D:1 Ijyb
D:2 Terence


Innate Abilities, Weirdness & Mutations

You have an increased reservoir of magic (+10% MP).
Your attributes are resistant to harm.


Message History

The rat bites you.
* * * LOW HITPOINT WARNING * * *
The rat closely misses you. The rat closely misses you.
The rat bites you but does no damage.
Ijyb screams, "Die!"
Ijyb screams, "Me kill you!" The rat bites you but does no damage.
Ijyb screams, "I no like you!"
A hobgoblin comes into view.
The hobgoblin shouts!
The hobgoblin hits you.
* * * LOW HITPOINT WARNING * * *
The hobgoblin closely misses you. Ijyb screams, "Me kill you!"
The hobgoblin hits you.
* * * LOW HITPOINT WARNING * * *
Ijyb screams, "Me kill you!" The hobgoblin hits you.
You die...

....##..# ##### ...###..#
#...########## ..###...#
#............#
####....#########............####
#..............................
#....##########............####
####...############..........#
..###..##....................#
...###.##.....rg@............#
....##.##....................#
............g######..........#
...#########..# #..........# ..##
#........#####..........### ..#
#........#.....#..........## ###
#........#..................
######........#................##
..............#...........####.#


You could see Ijyb, a hobgoblin and a rat.

Vanquished Creatures
  2 ball pythons (D:1)
  4 goblins
  A hobgoblin (D:2)
  4 kobolds (D:1)
  3 bats
  3 giant newts
  3 rats (D:1)
20 creatures vanquished.

Notes
Turn   | Place    | Note
--------------------------------------------------------------
     0 | D:1      | Trafet, the Demigod Wizard, began the quest for the Orb.
     0 | D:1      | Reached XP level 1. HP: 14/14 MP: 6/6
    60 | D:1      | Reached skill level 1 in Conjurations
   594 | D:1      | Reached XP level 2. HP: 20/20 MP: 1/8
   769 | D:1      | Learned a level 2 spell: Blink
  1061 | D:2      | Noticed Terence
  1151 | D:2      | Noticed Ijyb
  1245 | D:1      | HP: 1/20 [hobgoblin (1)]
  1250 | D:1      | Slain by a hobgoblin

Action                   || total
-------------------------++-------
Melee: Dagger            ||     6
       Mace              ||     3
 Cast: Magic Dart        ||    41
  Eat: Chunk             ||     1
